[ AOE2 MATCH · #494279829 ]
UnrankedByzantines vs Tupi
Player's team · WIN
Rival team · LOSS
[ REPLAY ANALYSIS · EXTRACTED FROM THE RECORDED GAME ]
Feudal
8:51
Castle
26:05
Imperial
48:31
| APM avg | 69.6 |
| APM peak | 112 |
| eAPM avg | 31.2 |
| Villagers / military | 166 / 157 |
Focus
⚔️ 30.0% · 🌾 70.0%
Archer ×87 · Cataphract ×33 · Knight ×17 · Scout Cavalry ×7 · Mangonel ×4 · Spearman ×3
Feudal
10:31
Castle
27:08
Imperial
50:05
| APM avg | 37.6 |
| APM peak | 65 |
| eAPM avg | 27.3 |
| Villagers / military | 133 / 29 |
Focus
⚔️ 42.2% · 🌾 57.8%
Unknown (2550) ×57 · Unknown (2579) ×20 · Monk ×14 · Mangonel ×4 · Spearman ×4 · Trebuchet (Packed) ×4
Match map
Initial resources + every placement click. Lines = walls · curves = elevation contours. ◆ gold · ⬟ stone · ● berries · ✦ relic · ◌ wall gap
Your base· Open — unwalled flank
gupo57's base· Open — unwalled flank
Smoothed initial terrain · ◌ = detected wall gap · hover for details
Inputs per minute
— 云闲 - - gupo57
Build order — 云闲
First 150 of 531 actions detected
| 0:01 | Queue | Villager (Male) |
| 0:01 | Queue | Villager (Male) |
| 0:01 | Queue | Villager (Male) |
| 0:01 | Queue | Villager (Male) |
| 0:02 | Build | House |
| 0:03 | Build | House |
| 1:26 | Queue | Villager (Male) |
| 1:59 | Queue | Villager (Male) |
| 1:59 | Queue | Villager (Male) |
| 2:07 | Build | Lumber Camp |
| 2:28 | Queue | Villager (Male) |
| 2:47 | Queue | Villager (Male) |
| 3:00 | Queue | Villager (Male) |
| 3:00 | Queue | Villager (Male) |
| 3:32 | Build | House |
| 3:36 | Queue | Villager (Male) |
| 3:40 | Queue | Villager (Male) |
| 3:40 | Queue | Villager (Male) |
| 3:58 | Build | House |
| 4:02 | Queue | Villager (Male) |
| 4:41 | Queue | Villager (Male) |
| 4:52 | Build | Mill |
| 5:17 | Queue | Villager (Male) |
| 5:21 | Queue | Villager (Male) |
| 5:22 | Research | Loom |
| 6:27 | Research | Feudal Age |
| 7:28 | Build | Barracks |
| 7:34 | Queue | Villager (Male) |
| 8:51 | Age | Feudal Age |
| 8:54 | Build | Stable |
| 8:57 | Build | House |
| 9:03 | Research | Double-Bit Axe |
| 9:04 | Queue | Spearman |
| 9:10 | Queue | Villager (Male) |
| 9:23 | Queue | Villager (Male) |
| 9:36 | Build | Farm |
| 9:37 | Build | Farm |
| 9:38 | Queue | Scout Cavalry |
| 9:39 | Queue | Scout Cavalry |
| 9:45 | Build | House |
| 9:54 | Queue | Villager (Male) |
| 10:11 | Queue | Spearman |
| 10:18 | Queue | Spearman |
| 10:20 | Queue | Villager (Male) |
| 10:34 | Queue | Villager (Male) |
| 10:37 | Build | Farm |
| 10:43 | Queue | Scout Cavalry |
| 10:48 | Build | Watch Tower |
| 11:06 | Queue | Villager (Male) |
| 11:09 | Build | Farm |
| 11:13 | Build | Farm |
| 11:29 | Queue | Villager (Male) |
| 11:40 | Queue | Scout Cavalry |
| 11:43 | Build | Farm |
| 12:05 | Queue | Villager (Male) |
| 12:08 | Build | Mining Camp |
| 12:12 | Queue | Villager (Male) |
| 12:35 | Build | House |
| 12:38 | Queue | Villager (Male) |
| 12:49 | Queue | Scout Cavalry |
| 13:13 | Queue | Villager (Male) |
| 13:26 | Queue | Villager (Male) |
| 13:29 | Build | Mining Camp |
| 13:48 | Build | Archery Range |
| 13:59 | Queue | Villager (Male) |
| 14:11 | Queue | Scout Cavalry |
| 14:19 | Build | Farm |
| 14:35 | Queue | Archer |
| 14:38 | Build | Farm |
| 14:40 | Queue | Villager (Male) |
| 14:49 | Build | House |
| 14:49 | Build | House |
| 14:56 | Queue | Archer |
| 14:58 | Queue | Villager (Male) |
| 15:01 | Build | Farm |
| 15:14 | Build | Farm |
| 15:19 | Queue | Villager (Male) |
| 15:28 | Build | Blacksmith |
| 15:31 | Queue | Villager (Male) |
| 15:41 | Build | House |
| 15:45 | Build | Farm |
| 15:58 | Build | Watch Tower |
| 16:04 | Research | Wheelbarrow |
| 16:07 | Queue | Villager (Male) |
| 16:13 | Queue | Archer |
| 16:16 | Build | Farm |
| 16:30 | Queue | Villager (Male) |
| 16:32 | Research | Fletching |
| 16:32 | Research | Fletching |
| 16:44 | Queue | Villager (Male) |
| 17:12 | Queue | Villager (Male) |
| 17:35 | Queue | Villager (Male) |
| 17:58 | Queue | Villager (Male) |
| 18:19 | Queue | Archer |
| 18:28 | Queue | Archer |
| 18:30 | Queue | Villager (Male) |
| 18:42 | Queue | Villager (Male) |
| 19:01 | Queue | Archer |
| 19:19 | Build | Lumber Camp |
| 19:20 | Queue | Villager (Male) |
| 19:43 | Build | Farm |
| 19:43 | Queue | Villager (Male) |
| 19:49 | Queue | Archer |
| 19:53 | Build | Farm |
| 19:57 | Build | Farm |
| 20:03 | Queue | Villager (Male) |
| 20:25 | Queue | Villager (Male) |
| 20:41 | Build | House |
| 20:42 | Build | House |
| 20:52 | Build | Farm |
| 20:55 | Queue | Villager (Male) |
| 21:11 | Research | Wheelbarrow |
| 21:12 | Research | Wheelbarrow |
| 21:16 | Build | House |
| 21:18 | Build | House |
| 21:29 | Queue | Archer |
| 22:16 | Queue | Villager (Male) |
| 22:24 | Build | Blacksmith |
| 22:29 | Build | Market |
| 22:37 | Queue | Scout Cavalry |
| 22:38 | Queue | Archer |
| 22:39 | Queue | Archer |
| 23:25 | Research | Castle Age |
| 23:26 | Research | Castle Age |
| 23:38 | Queue | Archer |
| 24:10 | Research | Horse Collar |
| 24:17 | Build | Farm |
| 24:21 | Build | Farm |
| 24:26 | Build | Farm |
| 24:30 | Build | Farm |
| 24:34 | Queue | Archer |
| 24:38 | Build | Archery Range |
| 24:44 | Research | Padded Archer Armor |
| 24:44 | Research | Padded Archer Armor |
| 25:00 | Build | Stable |
| 25:15 | Queue | Villager (Male) |
| 25:32 | Queue | Archer |
| 25:33 | Queue | Archer |
| 26:02 | Build | Farm |
| 26:05 | Age | Castle Age |
| 26:07 | Build | Siege Workshop |
| 26:11 | Research | Crossbowman (upgrade) |
| 26:11 | Research | Crossbowman (upgrade) |
| 26:22 | Queue | Villager (Male) |
| 26:39 | Research | Bodkin Arrow |
| 26:54 | Queue | Knight |
| 26:55 | Queue | Mangonel |
| 27:04 | Build | Farm |
| 27:05 | Build | Farm |
| 27:06 | Queue | Villager (Male) |
Build order — gupo57
First 150 of 336 actions detected
| 0:00 | Queue | Villager (Male) |
| 0:03 | Build | House |
| 0:04 | Build | House |
| 0:19 | Queue | Villager (Male) |
| 0:21 | Queue | Villager (Male) |
| 0:22 | Queue | Villager (Male) |
| 1:07 | Queue | Villager (Male) |
| 1:27 | Build | House |
| 1:45 | Queue | Villager (Male) |
| 2:20 | Queue | Villager (Male) |
| 2:42 | Queue | Villager (Male) |
| 2:43 | Queue | Villager (Male) |
| 2:43 | Queue | Villager (Male) |
| 2:50 | Build | House |
| 3:15 | Queue | Villager (Male) |
| 3:27 | Build | Settlement |
| 3:36 | Queue | Villager (Male) |
| 3:36 | Queue | Villager (Male) |
| 3:36 | Queue | Villager (Male) |
| 3:46 | Queue | Villager (Male) |
| 3:46 | Queue | Villager (Male) |
| 3:47 | Queue | Villager (Male) |
| 4:35 | Queue | Villager (Male) |
| 4:35 | Queue | Villager (Male) |
| 4:36 | Queue | Villager (Male) |
| 5:00 | Queue | Villager (Male) |
| 5:00 | Queue | Villager (Male) |
| 5:04 | Build | House |
| 5:05 | Build | Palisade Wall |
| 5:58 | Queue | Villager (Male) |
| 5:58 | Queue | Villager (Male) |
| 6:03 | Build | Barracks |
| 6:08 | Queue | Villager (Male) |
| 6:09 | Queue | Villager (Male) |
| 6:47 | Build | Settlement |
| 6:58 | Queue | Unit 2550 |
| 6:58 | Queue | Unit 2550 |
| 7:02 | Queue | Villager (Male) |
| 7:02 | Queue | Villager (Male) |
| 7:02 | Research | Loom |
| 7:37 | Build | Settlement |
| 8:13 | Research | Feudal Age |
| 8:13 | Research | Feudal Age |
| 8:38 | Queue | Unit 2550 |
| 9:06 | Build | Palisade Wall |
| 9:06 | Build | Palisade Wall |
| 9:09 | Build | Palisade Wall |
| 9:55 | Queue | Unit 2550 |
| 10:06 | Build | Palisade Wall |
| 10:14 | Queue | Villager (Male) |
| 10:14 | Queue | Villager (Male) |
| 10:31 | Age | Feudal Age |
| 10:33 | Research | Tech 1402 |
| 10:44 | Build | Gate |
| 10:48 | Build | Watch Tower |
| 10:51 | Build | Stone Wall |
| 10:52 | Build | Stone Wall |
| 10:53 | Build | Stone Wall |
| 11:06 | Build | Watch Tower |
| 12:07 | Queue | Villager (Male) |
| 12:07 | Queue | Villager (Male) |
| 12:27 | Queue | Spearman |
| 12:29 | Research | Double-Bit Axe |
| 12:37 | Queue | Spearman |
| 12:45 | Queue | Villager (Male) |
| 12:46 | Queue | Villager (Male) |
| 13:00 | Build | Outpost |
| 13:03 | Build | Outpost |
| 13:37 | Build | Palisade Wall |
| 13:43 | Build | Palisade Wall |
| 14:11 | Build | Watch Tower |
| 14:16 | Queue | Unit 2550 |
| 14:30 | Queue | Villager (Male) |
| 14:31 | Queue | Villager (Male) |
| 14:58 | Build | Farm |
| 14:59 | Queue | Villager (Male) |
| 15:15 | Build | Palisade Wall |
| 15:16 | Build | Palisade Wall |
| 15:24 | Build | Watch Tower |
| 15:31 | Build | Palisade Wall |
| 15:36 | Queue | Villager (Male) |
| 15:36 | Queue | Villager (Male) |
| 15:38 | Build | Farm |
| 16:02 | Build | Palisade Wall |
| 16:10 | Build | Watch Tower |
| 16:30 | Queue | Villager (Male) |
| 16:30 | Queue | Villager (Male) |
| 16:58 | Queue | Villager (Male) ×5 |
| 17:02 | Queue | Spearman |
| 17:21 | Build | Watch Tower |
| 18:15 | Queue | Villager (Male) |
| 18:16 | Queue | Villager (Male) |
| 18:46 | Build | Farm |
| 18:47 | Build | Farm |
| 18:54 | Build | Farm |
| 18:55 | Build | Farm |
| 19:33 | Queue | Villager (Male) |
| 19:33 | Queue | Villager (Male) |
| 19:35 | Build | Farm |
| 19:36 | Build | Farm |
| 19:38 | Build | Farm |
| 19:42 | Build | Farm |
| 19:43 | Build | Farm |
| 19:49 | Queue | Spearman |
| 20:24 | Build | Watch Tower |
| 20:51 | Queue | Villager (Male) |
| 20:51 | Queue | Villager (Male) |
| 21:10 | Build | Farm |
| 21:10 | Queue | Villager (Male) |
| 21:10 | Queue | Villager (Male) |
| 21:25 | Build | Farm |
| 21:27 | Build | Farm |
| 21:30 | Build | Farm |
| 21:33 | Build | Farm |
| 21:46 | Build | Market |
| 21:50 | Build | Blacksmith |
| 21:56 | Queue | Villager (Male) |
| 22:27 | Build | Watch Tower |
| 22:31 | Build | Palisade Wall |
| 22:32 | Build | Palisade Wall |
| 22:53 | Queue | Villager (Male) |
| 22:53 | Queue | Villager (Male) |
| 22:56 | Build | Settlement |
| 22:58 | Build | Farm |
| 22:59 | Build | Farm |
| 23:19 | Build | Farm |
| 23:55 | Build | Settlement |
| 23:57 | Queue | Villager (Male) |
| 24:01 | Build | Farm |
| 24:28 | Research | Castle Age |
| 24:40 | Research | Horse Collar |
| 24:59 | Research | Fletching |
| 25:11 | Build | Farm |
| 25:18 | Queue | Unit 2550 |
| 25:38 | Build | Barracks |
| 25:42 | Build | Barracks |
| 26:13 | Build | Farm |
| 26:16 | Research | Gold Mining |
| 26:26 | Build | Farm |
| 26:39 | Build | Farm |
| 26:46 | Research | Scale Mail Armor |
| 26:50 | Queue | Unit 2550 |
| 26:53 | Queue | Unit 2550 |
| 27:08 | Age | Castle Age |
| 27:13 | Build | Castle |
| 27:17 | Research | Tech 1351 |
| 27:34 | Build | Monastery |
| 27:41 | Build | Monastery |
| 27:45 | Research | Squires |
| 27:46 | Queue | Unit 2550 |
Match timeline
| 5:05 | gupo57 · wall_segment Palisade Wall x5 |
| 6:03 | gupo57 · first_building Barracks |
| 7:28 | 云闲 · first_building Barracks |
| 8:51 | 云闲 · age_up feudal |
| 8:54 | 云闲 · first_building Stable |
| 9:06 | gupo57 · wall_segment Palisade Wall x2 |
| 9:06 | gupo57 · wall_segment Palisade Wall x1 |
| 9:09 | gupo57 · wall_segment Palisade Wall x1 |
| 10:06 | gupo57 · wall_segment Palisade Wall x2 |
| 10:31 | gupo57 · age_up feudal |
| 10:51 | gupo57 · wall_segment Stone Wall x1 |
| 10:52 | gupo57 · wall_segment Stone Wall x1 |
| 10:53 | gupo57 · wall_segment Stone Wall x1 |
| 13:37 | gupo57 · wall_segment Palisade Wall x1 |
| 13:43 | gupo57 · wall_segment Palisade Wall x1 |
| 13:48 | 云闲 · first_building Archery Range |
| 15:15 | gupo57 · wall_segment Palisade Wall x2 |
| 15:16 | gupo57 · wall_segment Palisade Wall x2 |
| 15:31 | gupo57 · wall_segment Palisade Wall x2 |
| 16:02 | gupo57 · wall_segment Palisade Wall x2 |
| 22:31 | gupo57 · wall_segment Palisade Wall x1 |
| 22:32 | gupo57 · wall_segment Palisade Wall x3 |
| 23:22 | 云闲 · first_market_sell 100 stone |
| 23:22 | 云闲 · first_market_buy 100 food |
| 26:05 | 云闲 · age_up castle |
| 26:07 | 云闲 · first_building Siege Workshop |
| 27:08 | gupo57 · age_up castle |
| 27:13 | gupo57 · first_building Castle |
| 27:34 | gupo57 · first_building Monastery |
| 28:53 | gupo57 · first_building Siege Workshop |
| 35:18 | 云闲 · first_building Castle |
| 40:49 | 云闲 · first_building Monastery |
| 48:01 | gupo57 · first_market_buy 500 stone |
| 48:31 | 云闲 · age_up imperial |
| 50:05 | gupo57 · age_up imperial |
| 53:23 | gupo57 · resign |
[ AI ANALYSIS · 1 CREDIT ]
What really happened in this match?
Wolo.gg analyzes every decision: build order, eco, micro, common mistakes by bracket. Personalized analysis on WhatsApp or Discord in 30 seconds.
Civ guide
Byzantines
Perfil
Jugador #5902182